 Dungeon Crawl Stone Soup version 0.30-a0-782-ge64f9170bb (webtiles) character file.

Game seed: 14683312187242299896

422 Aneyh the Trooper (level 6, 0/44 HPs)
             Began as a Tengu Monk on Feb 19, 2023.
             Constricted to death by a ball python (1 damage)
             ... on level 4 of the Dungeon.
             The game lasted 00:08:20 (2512 turns).

Aneyh the Trooper (Tengu Monk)                      Turns: 2512, Time: 00:08:20

Health: 0/44       AC:  8    Str: 13    XL:     6   Next: 95%
Magic:  7/7        EV: 12    Int: 10    God:
Gold:   188        SH:  0    Dex: 17    Spells: 5/5 levels left

rFire   + . .      SeeInvis .    a - +0 trident
rCold   + . .      Faith    .    (no shield)
rNeg    . . .      Spirit   .    f - +0 leather armour
rPois   +          Reflect  .    (helmet restricted)
rElec   +          Harm     .    (no cloak)
rCorr   +          Rampage  .    t - +0 pair of gloves
Will    .....                    (boots unavailable)
Stlth   ++                       e - amulet of the acrobat
HPRegen 0.27/turn                n - +4 ring of protection
MPRegen 0.10/turn                (no ring)

@: resistant, flying quickly and evasively, constricted, quick
A: beak, talons 3, nimble flight
a: no special abilities


You were on level 4 of the Dungeon.
You visited 1 branch of the dungeon, and saw 4 of its levels.

You collected 188 gold pieces.

Inventory:

Hand Weapons
 a - a +0 trident (weapon)
 b - a +0 morningstar
 c - a +0 short sword of speed
 k - a +1 dagger of speed
 r - a +0 spear
Missiles
 u - 2 javelins (quivered)
Armour
 f - a +0 leather armour (worn)
 g - a +0 robe
 i - a +0 pair of gloves
 t - a +0 pair of gloves (worn)
Jewellery
 e - an amulet of the acrobat (around neck)
 j - an amulet of faith
 n - a +4 ring of protection (left hand)
Scrolls
 d - a scroll of teleportation
 l - 5 scrolls of identify {unknown}
 m - a scroll of vulnerability {unknown}
 q - 2 scrolls of amnesia {unknown}
Potions
 h - a potion of brilliance
 p - a potion of curing


   Skills:
 + Level 7.0 Fighting
 + Level 4.5 Polearms
 - Level 3.3 Dodging
 - Level 2.0 Stealth


You had 5 spell levels left.
You didn't know any spells.
Your spell library contained the following spells:

 Spells                   Type           Power      Damage    Failure   Level
 Ignite Poison            Fire/Tmut/Pois 0%         N/A       82%         3
 Tukima's Dance           Hex            0%         N/A       82%         3
 Animate Dead             Necr           0%         N/A       99%         4
 Passage of Golubria      Tloc           0%         N/A       99%         4
 Sticky Flame             Conj/Fire      0%         2d3       99%         4
 Yara's Violent Unravell  Hex/Tmut       0%         3d3       100%        5
 Haunt                    Necr/Summ      0%         N/A       100%        7
 Ignition                 Fire           0%         3d3       100%        8
 Infestation              Necr           0%         N/A       100%        8


Dungeon Overview and Level Annotations

Branches:
Dungeon (4/15)
 Temple: D:4-7

Altars:

Shops:
D:3 *   D:4 *

Annotations:
D:4 2 transporters, souper's ghost, amateur DsHu


Innate Abilities, Weirdness & Mutations

You have a beak for a mouth.
You have claws for feet.
Your magical nature lets you fly swiftly and evasively.


Message History

Your surroundings suddenly seem different.
Found a scroll of teleportation.
Found an escape hatch in the ceiling.
The ball python hisses angrily.
Menkaure's bandages flutter.
Menkaure closely misses you.
You closely miss Menkaure. Menkaure barely misses you.
You hit Menkaure but do no damage. You claw Menkaure.
Menkaure is moderately damaged.
Menkaure hits you but does no damage. Menkaure barely misses you.
You hit Menkaure.
Menkaure is moderately damaged.
The ball python closely misses you. The ball python completely misses you.
Menkaure hits you!
* * * LOW HITPOINT WARNING * * *
You hit Menkaure. You claw Menkaure. You peck Menkaure, but do no damage.
Menkaure is heavily damaged.
The ball python barely misses you. The ball python misses you.
Menkaure giggles, "These cerements are ticklish..."
Menkaure closely misses you. The ball python barely misses you.
The ball python closely misses you. Menkaure barely misses you.
It was a potion of resistance.
You feel protected.
The ball python bites you but does no damage.
The ball python grabs you. The ball python constricts you.
The gnoll closely misses you.
Menkaure calls on the powers of darkness!
The ball python convulses!
The gnoll convulses!
Your body is wracked with pain!
* * * LOW HITPOINT WARNING * * *
You puncture Menkaure! You peck Menkaure.
You destroy Menkaure!
The ball python closely misses you. The ball python constricts you.
The gnoll hits you from afar with a +0 spear of venom!
* * * LOW HITPOINT WARNING * * *
Your Fighting skill increases to level 7!
Your Polearms skill increases to level 4!
The ball python's grasp on you weakens, but your attempt to escape fails.
The ball python misses you. The ball python constricts you.
The gnoll hits you but does no damage. The ball python misses you.
The ball python constricts you.
You die...

####........##
###............#
..............#
..............#
............?.#
.............#
.............#
............<#
.........@..##
.........S..# #
..........g..# ##
..............## #.
...............## ##.
...............†### #..
..............#..### #..
..##...........#o.####..
...........###g.#...


You could see a gnoll and a ball python.

Vanquished Creatures
  Menkaure (D:4)
  2 orc priests (D:3)
  Natasha (thrice) (D:3)
  An orc wizard (D:4)
  A gnoll (D:4)
  4 adders
  An ufetubus (D:4)
  2 dart slugs
  9 orcs
  9 ball pythons
  5 endoplasms
  3 giant cockroaches (D:2)
  5 goblins
  6 hobgoblins
  9 jackals
  6 quokkas
  A ball python zombie (D:2)
  2 bats
  4 frilled lizards
  7 kobolds
  A quokka zombie (D:2)
  2 rats
84 creatures vanquished.

Notes
Turn   | Place    | Note
-------+----------+-------------------------------------------
     0 | D:1      | Aneyh the Tengu Monk began the quest for the Orb.
     0 | D:1      | Reached XP level 1. HP: 14/14 MP: 2/2
   153 | D:1      | Reached XP level 2. HP: 16/19 MP: 3/3
   427 | D:1      | Reached skill level 4 in Fighting
   473 | D:1      | Reached XP level 3. HP: 18/24 MP: 4/4
  1132 | D:2      | Found a faded altar of an unknown god.
  1204 | D:2      | Reached XP level 4. HP: 29/30 MP: 5/5
  1391 | D:3      | Reached skill level 5 in Fighting
  1551 | D:3      | Noticed Natasha
  1561 | D:3      | Killed Natasha
  1562 | D:3      | Gained mutation: Your magical nature lets you fly swiftly
                  | and evasively. [Tengu growth]
  1562 | D:3      | Reached XP level 5. HP: 25/36 MP: 6/6
  1730 | D:3      | Noticed Natasha
  1744 | D:3      | Killed Natasha
  1769 | D:3      | Noticed Natasha
  1775 | D:3      | Killed Natasha
  1776 | D:3      | Reached skill level 6 in Fighting
  1936 | D:3      | Found Bynuaq Weru's Assorted Antiques.
  2104 | D:3      | Reached XP level 6. HP: 29/42 MP: 7/7
  2286 | D:4      | Found Naikav's Overcharged Wands.
  2404 | D:4      | Noticed souper's ghost (amateur DsHu)
  2405 | D:4      | Found a transporter.
  2418 | D:4      | Found a transporter.
  2462 | D:4      | Noticed Menkaure
  2511 | D:4      | Killed Menkaure
  2511 | D:4      | HP: 1/42 [gnoll/+0 spear of venom[a gnoll bouda] (7)]
  2512 | D:4      | Reached skill level 7 in Fighting
  2512 | D:4      | Constricted to death by a ball python

Illustrated notes

Levels and vault maps discovered:
D:1:      dpeg_arrival_windows_large_door, layout_basic,
          minmay_misc_feat_four_crosses, item_on_display_a
D:2:      layout_rooms, shapermc_ecumenical_altar_mp_vishouse, serial_undead,
          serial_undead_a, serial_undead_c, serial_undead_c, serial_undead_f
D:3:      layout_rooms, serial_corexii_hall, corexii_hall_statues_l,
          chequers_hall_statues_wall_a, chequers_hall_statues_corner_a,
          corexii_hall_statues_x, serial_shops, nicolae_square_shop,
          hangedman_decor_peaks_small, grunt_ministairs_12, uniq_natasha
D:4:      layout_cave_pods, gammafunk_ghost_stat_death,
          nicolae_shop_overcharged_wands, uniq_robin, uniq_menkaure

Skill      XL: |  1  2  3  4  5  6 |
---------------+-------------------+-----
Fighting       | 4 5 6 7 |  7.0
Polearms       | 4 |  4.5
Dodging        | |  3.3
Stealth        | |  2.0

Action                     |  1- 3 |  4- 6 || total
---------------------------+-------+-------++-------
  Melee: Spear             |    84 |    71 ||   155
         Kick              |    25 |    33 ||    58
         Peck              |    15 |    19 ||    34
         Short sword       |    19 |       ||    19
         Punch             |       |     1 ||     1
         Trident           |       |    58 ||    58
  Throw: Javelin           |       |     7 ||     7
    Use: Potion            |       |     4 ||     4
         Scroll            |       |     2 ||     2
   Stab: Sleeping          |     4 |     2 ||     6
 Armour: Robe              |    13 |    10 ||    23
         Leather armour    |       |    42 ||    42
  Dodge: Dodged            |    43 |   176 ||   219

Table legend: (Time is in decaauts)
 A = Elapsed time spent in this place.
 B = Non-inter-level travel time spent in this place.
 C = Inter-level travel time spent in this place.
 D = Time resting spent in this place.
 E = Time spent auto-exploring this place.
 F = Levels seen in this place.
 G = Mean time per level.
                   A        B        C        D        E       F      G
               +--------+--------+--------+--------+--------+-----+--------+
         Total |   2445 |   2387 |     58 |    223 |   1540 |   4 |  611.2 |
       Dungeon |   2445 |   2387 |     58 |    223 |   1540 |   4 |  611.2 |
               +--------+--------+--------+--------+--------+-----+--------+

Top non-repeatable levels by time:
     D:1: 781 daAuts
     D:3: 732 daAuts
     D:2: 573 daAuts
     D:4: 357 daAuts
